AoeStats
← LRNI_altoguiso

Arabia

510209261Analyzed
3v3 RM · 2d ago on Sep 30, 2026· 30m 25s· 6 players
Game mode
Random Map
Map size
Normal (6 player)
Population
200
Speed
Normal
Resources
Standard
Victory
Conquest
Starting age
Dark Age
Ending age
Imperial Age
RankedLock teamsTeams togetherTeam positionsShared explorationLock speedFull tech treeHidden civsTurbo modeCheats
Victory
Defeat
🇦🇷 Persians · Argentina
1420
+12
🇨🇦 Lithuanians · Canada
1352
+15
🇨🇴 Vietnamese · Colombia
1351
+15
🇺🇸 Teutons · United States
1376
-16
🇺🇸 Aztecs · United States
1375
-16
🇺🇸 Tatars · United States
1239
-10
LRNI_Ghost-Jhon
6:31 Loom
7:05 Loom
9:25 Feudal Age
10:42 Double-Bit Axe
10:48 Horse Collar
15:10 Fletching
21:39 Castle Age
20:08 Scale Mail Armor
20:20 Gold Mining
21:50 Wheelbarrow
22:21 Crossbowman
23:05 Bodkin Arrow
28:07 Bow Saw
28:06 Padded Archer Armor
29:36 Ballistics
30:37 Forging
LRNI_Bélico
6:36 Loom
9:27 Feudal Age
9:54 Double-Bit Axe
9:49 Horse Collar
9:56 Horse Collar
19:28 Wheelbarrow
19:11 Gold Mining
22:46 Castle Age
21:34 Scale Barding Armor
21:40 Forging
21:41 Bloodlines
23:53 Chain Barding Armor
23:02 Light Cavalry
24:32 Iron Casting
25:43 Husbandry
28:24 Bow Saw
LRNI_altoguiso
5:39 Loom
8:33 Feudal Age
9:28 Double-Bit Axe
17:08 Forging
20:40 Castle Age
19:01 Gold Mining
19:11 Horse Collar
20:11 Scale Barding Armor
20:57 Bloodlines
25:34 Chain Barding Armor
25:54 Iron Casting
27:56 Chain Barding Armor
28:36 Man-at-Arms
29:45 Scale Mail Armor
29:50 Long Swordsman
Vicu_Ducky
9:18 Loom
11:04 Feudal Age
13:14 Wheelbarrow
16:04 Castle Age
15:38 Double-Bit Axe
18:12 Scale Barding Armor
20:20 Gold Mining
20:54 Forging
21:24 Horse Collar
22:45 Bloodlines
24:25 Chain Barding Armor
27:38 Bow Saw
28:13 Stone Mining
Dicu_Vucky
10:54 Feudal Age
12:02 Loom
12:29 Double-Bit Axe
16:00 Horse Collar
17:11 Wheelbarrow
20:49 Castle Age
19:40 Forging
19:33 Scale Mail Armor
21:51 Eagle Warrior
22:33 Squires
22:28 Gold Mining
23:39 Iron Casting
26:32 Arson
GOLD PLEASE
10:27 Feudal Age
10:53 Double-Bit Axe
27:44 Castle Age
28:47 Padded Archer Armor
28:39 Fletching
29:07 Bow Saw
Connection lost

Rejoining the realm…

Still unreachable

The connection could not be restored.

Session expired

The server has moved on; the page needs a fresh start.